 Dungeon Crawl Stone Soup version 0.31-a0-202-g547052bce9 (webtiles) character file.

Game seed: 3772182007064575689

724 qw the Skirmisher (level 7, -2/40 HPs)
             Began as a Deep Elf Hunter on June 26, 2023.
             Slain by an orc
             ... wielding a +0 trident
              (5 damage)
             ... on level 5 of the Dungeon.
             The game lasted 00:03:03 (4391 turns).

qw the Skirmisher (Deep Elf Hunter)                 Turns: 4391, Time: 00:03:03

Health: -2/40      AC:  7    Str:  9 (10) XL:     7   Next: 43%
Magic:  9/9        EV: 11    Int: 13 (14) God:
Gold:   304        SH:  0    Dex: 17 (18) Spells: 6/6 levels left

rFire   . . .        e - +2 shortbow (flame)
rCold   + . .        (shield currently unavailable)
rNeg    . . .        h - +0 ring mail
rPois   .            (helmet restricted)
rElec   .            (no cloak)
rCorr   .            (no gloves)
SInv    .            (no boots)
Will    .....        (no amulet)
Stlth   +            (no ring)
HPRegen 0.26/turn    (no ring)
MPRegen 0.11/turn

%: no passive effects
@: no status effects
A: antennae 1, iridescent scales 1, cold resistance 1, deterioration 1, wild
magic 1
a: no special abilities


You were on level 5 of the Dungeon.
You visited 1 branch of the dungeon, and saw 5 of its levels.

You collected 304 gold pieces.


Innate Abilities, Weirdness & Mutations

You have a pair of small antennae on your head.
You are partially covered in iridescent scales. (AC +2)
Your flesh is cold resistant. (rC+)
Your body sometimes deteriorates upon taking damage.
Your spells are a little harder to cast, but a little more powerful.


   Skills:
 - Level 2.9 Fighting
 + Level 10.8 Ranged Weapons
 - Level 3.7 Dodging
 - Level 1.2 Stealth


You had 6 spell levels left.
You didn't know any spells.
Your spell library was empty.

Inventory:

Hand Weapons
 e - a +2 shortbow of flaming (weapon)
Armour
 h - a +0 ring mail (worn)
Potions
 a - 2 potions of curing
 c - a potion of ambrosia {unknown}
 d - a potion of enlightenment {unknown}
 f - a potion of might {unknown}

Dungeon Overview and Level Annotations

Branches:
Dungeon (5/15)
 Temple: D:4-7

Altars:
Cheibriados

Annotations:
D:4 1 runed translucent door, Crazy Yiuf


Message History

You shoot an arrow. The arrow barely misses the orc.
The orc barely misses you.
You shoot an arrow. The arrow closely misses the orc.
The orc hits you with a +0 war axe!
Your body deteriorates!
You feel clumsy.
You shoot an arrow. The arrow hits the orc.
The arrow burns the orc.
You kill the orc!
The orc barely misses you.
You shoot an arrow.
The arrow hits the scorpion but does no damage.
The orc hits you from afar with a +0 trident!
Your body deteriorates!
You feel weakened.
You shoot an arrow.
The arrow hits the scorpion but does no damage.
The scorpion closely misses you. The orc barely misses you.
The scorpion stings you.
You shoot an arrow.
The arrow hits the scorpion but does no damage.
The orc barely misses you. The scorpion closely misses you.
You shoot an arrow. The arrow hits the scorpion.
The arrow burns the scorpion.
The scorpion is lightly wounded.
The scorpion stings you but does no damage.
The orc hits you but does no damage.
You shoot an arrow. The arrow hits the scorpion.
The arrow burns the scorpion.
The scorpion is heavily wounded.
The scorpion stings you.
The orc hits you with a +2 flail of holy wrath.
Your body deteriorates!
You feel dopey. The orc completely misses you.
You shoot an arrow. The arrow barely misses the scorpion.
The scorpion closely misses you.
The orc hits you from afar with a +0 trident.
The orc hits you but does no damage. The scorpion stings you.
You shoot an arrow. The arrow hits the scorpion!
The arrow burns the scorpion.
You kill the scorpion!
The orc hits you with a +2 flail of holy wrath.
The orc hits you but does no damage.
You shoot an arrow. The arrow closely misses the orc.
The orc hits you from afar with a +0 trident.
You die...

.. ...# #. ...
#.### ... #....
.. ...######.#
#.#... o.#
#...###).#
#..)..@o.#
#.#####.......
####### #.#.#
#####.. #.....#
#..[#
#.###.#####.#.#
#.# #.........#
#<# #.#######.#
### ### ###


You could see 2 orcs.

Vanquished Creatures
  Eustachio (D:4)
  Menkaure (D:4)
  An orc warrior (D:4)
  An ogre (D:5)
  A scorpion (D:5)
  A hound (D:4)
  Ijyb (D:3)
  Natasha (D:3)
  3 gnolls (D:2)
  6 adders
  A white imp (D:4)
  2 dart slugs (D:4)
  3 orcs
  2 ball pythons
  8 bats
  7 endoplasms
  5 giant cockroaches
  4 goblins
  5 hobgoblins
  5 jackals (D:1)
  A quokka (D:2)
  4 frilled lizards
  2 kobolds
  3 rats
69 creatures vanquished.

Notes
Turn   | Place    | Note
-------+----------+-------------------------------------------
     0 | D:1      | qw the Deep Elf Hunter began the quest for the Orb.
     0 | D:1      | Reached XP level 1. HP: 12/12 MP: 3/3
     0 | D:1      | 0 ||| qw: Version: 0.3-a-22-g0ed2b0b
     0 | D:1      | 0 ||| qw: Game counter: 6187
     0 | D:1      | 0 ||| qw: Melee chars always use a shield: true
     0 | D:1      | 0 ||| qw: God list: Okawaru
     0 | D:1      | 0 ||| qw: Allow faded altars: false
     0 | D:1      | 0 ||| qw: Do Orc after clearing Dungeon:15 true
     0 | D:1      | 0 ||| qw: Do second Lair branch before Depths: true
     0 | D:1      | 0 ||| qw: Lair rune preference: random
     0 | D:1      | 0 ||| qw: Goals: Normal
     0 | D:1      | 0 ||| PLANNING D:1-11
    38 | D:1      | HP: 2/12 [jackal (2)]
   139 | D:1      | Reached skill level 6 in Ranged Weapons
   139 | D:1      | Reached XP level 2. HP: 16/16 MP: 4/4
   362 | D:1      | 362 ||| UPGRADING to +0 ring mail.
   372 | D:1      | 372 ||| DROPPING +0 leather armour.
   373 | D:1      | 373 ||| READING scroll labelled IMYSESUHUF.
   374 | D:1      | 374 ||| READING scroll labelled KAYK TUNAOVEPO.
   375 | D:1      | 375 ||| READING scroll labelled GELEUG NAMA.
   376 | D:1      | 376 ||| DROPPING scroll of butterflies.
   434 | D:2      | Reached XP level 3. HP: 20/20 MP: 5/5
   554 | D:2      | Reached skill level 7 in Ranged Weapons
   582 | D:2      | 582 ||| READING scroll labelled CIONKO HUITOZO.
   671 | D:2      | Found a faded altar of an unknown god.
   680 | D:2      | Reached XP level 4. HP: 25/25 MP: 6/6
   818 | D:2      | 818 ||| READING scroll labelled AVOLAM VUTE.
   819 | D:2      | 819 ||| READING scroll labelled JONNIQ AXKU.
   820 | D:2      | 820 ||| DRINKING 2 fuming yellow potions.
   820 | D:2      | Gained mutation: You do not regenerate when monsters are
                  | visible. [potion of mutation]
   820 | D:2      | Gained mutation: You have hidden genetic defects. [potion
                  | of mutation]
   820 | D:2      | Gained mutation: Your flesh is cold resistant. (rC+)
                  | [potion of mutation]
   821 | D:2      | 821 ||| DRINKING potion of mutation.
   821 | D:2      | Lost mutation: You do not regenerate when monsters are
                  | visible. [potion of mutation]
   821 | D:2      | Lost mutation: You have hidden genetic defects. [potion of
                  | mutation]
   821 | D:2      | Gained mutation: You have a pair of small antennae on your
                  | head. [potion of mutation]
   821 | D:2      | Gained mutation: Your spells are a little harder to cast,
                  | but a little more powerful. [potion of mutation]
   821 | D:2      | Gained mutation: Your body sometimes deteriorates upon
                  | taking damage. [potion of mutation]
   821 | D:2      | Gained mutation: You are partially covered in iridescent
                  | scales. (AC +2) [potion of mutation]
  1058 | D:2      | Reached skill level 8 in Ranged Weapons
  1139 | D:2      | 1139 ||| READING scroll labelled TELANL ENOAN.
  1286 | D:3      | Noticed Ijyb
  1297 | D:3      | Killed Ijyb
  1298 | D:3      | Reached XP level 5. HP: 23/29 MP: 7/7
  1727 | D:3      | 1727 ||| SWAPPING to +2 shortbow of flaming.
  1728 | D:3      | 1728 ||| DROPPING +1 shortbow.
  1730 | D:3      | Noticed Natasha
  1734 | D:3      | Killed Natasha
  1945 | D:3      | 1945 ||| DRINKING 3 lumpy sapphire potions.
  2124 | D:4      | Reached skill level 9 in Ranged Weapons
  2154 | D:4      | Noticed Menkaure
  2158 | D:4      | 2158 ||| FLEEEEING.
  2159 | D:4      | 2159 ||| FLEEEEING.
  2160 | D:4      | 2160 ||| FLEEEEING.
  2165 | D:4      | 2165 ||| FLEEEEING.
  2166 | D:4      | 2166 ||| FLEEEEING.
  2167 | D:4      | 2167 ||| FLEEEEING.
  2168 | D:4      | 2168 ||| FLEEEEING.
  2169 | D:4      | 2169 ||| FLEEEEING.
  2170 | D:4      | 2170 ||| FLEEEEING.
  2177 | D:4      | 2177 ||| STAIRDANCE
  2212 | D:4      | Killed Menkaure
  2213 | D:4      | Reached XP level 6. HP: 35/36 MP: 8/8
  2274 | D:4      | Noticed Eustachio
  2278 | D:4      | 2278 ||| Stepping ~*~*~tactically~*~*~ (outnumbered).
  2289 | D:4      | HP: 8/36 [shadow imp[Eustachio] (3)]
  2290 | D:4      | 2290 ||| READING scroll of teleportation.
  2291 | D:4      | Killed Eustachio
  2292 | D:4      | Reached skill level 10 in Ranged Weapons
  2293 | D:4      | Found a snail-covered altar of Cheibriados.
  2458 | D:4      | Noticed an orc warrior
  2466 | D:4      | Killed an orc warrior
  2467 | D:4      | Reached skill level 3 in Dodging
  2467 | D:4      | Reached XP level 7. HP: 38/40 MP: 9/9
  2600 | D:4      | Found a runed translucent door.
  2601 | D:4      | Noticed Crazy Yiuf
  4348 | D:5      | Entered Level 5 of the Dungeon
  4389 | D:5      | HP: 10/40 [orc/+0 trident (2)]
  4390 | D:5      | HP: 2/40 [orc/+2 flail of holy wrath (6)]
  4391 | D:5      | Slain by an orc

Levels and vault maps discovered:
D:1:      pf_arrival_petrified_forest, layout_rooms,
          ebering_dispersal_statue_hall
D:2:      minmay_general_purpose_star, layout_basic,
          hellmonk_ecumenical_altar_zigzags
D:3:      layout_basic, uniq_natasha, uniq_ijyb
D:4:      layout_cave_pods, amcnicky_altar_gilded, uniq_menkaure,
          uniq_crazy_yiuf_cottage, uniq_eustachio
D:5:      layout_basic, minmay_misc_feat_tiny, nrook_loot_triangle,
          minivault_27, uniq_grinder, uniq_prince_ribbit1

Skill      XL: |  1  2  3  4  5  6 |
---------------+-------------------+-----
Ranged Weapons | 6 7 8 9 10 | 10.8
Fighting       | 2 |  2.9
Dodging        | 3 |  3.7
Stealth        | |  1.2

Action                     |  1- 3 |  4- 6 |  7- 9 || total
---------------------------+-------+-------+-------++-------
   Fire: Shortbow          |   103 |   131 |    25 ||   259
    Use: Scroll            |     4 |     4 |       ||     8
         Potion            |       |     3 |       ||     3
 Armour: Leather armour    |    12 |       |       ||    12
         Ring mail         |    11 |    22 |     6 ||    39
  Dodge: Dodged            |    38 |    34 |     8 ||    80

Table legend:
 A = Non-vault XP
 B = Vault XP
 C = Vault XP percentage of total XP
 D = Non-vault monster count
 E = Vault monster count
 F = Vault count percentage of total count
                 A         B        C        D         E       F
            +---------+---------+-------+---------+---------+-------
      Total |     589 |     446 |  43.1 |      62 |       7 |  10.1
            +---------+---------+-------+---------+---------+-------
        D:1 |      27 |       0 |   0.0 |      15 |       0 |   0.0
        D:2 |     124 |       6 |   4.6 |      25 |       3 |  10.7
        D:3 |      28 |      71 |  71.7 |      10 |       2 |  16.7
        D:4 |     211 |     369 |  63.6 |       9 |       2 |  18.2
        D:5 |     199 |       0 |   0.0 |       3 |       0 |   0.0
            +---------+---------+-------+---------+---------+-------
